 Seeded DCSS version 0.29-a0-231-g945431f764 (webtiles) character file.

Game seed: 11041845003192542153 (custom seed)

3674 mcwallace the Protected (level 10, -1/77 (80) HPs)
             Began as a Formicid Fighter on Feb 28, 2022.
             Was a Follower of the Shining One.
             Slain by a two-headed ogre
             ... wielding a +0 giant spiked club
              (22 damage)
             ... on level 8 of the Dungeon.
             The game lasted 00:13:07 (8560 turns).

mcwallace the Protected (Formicid Fighter)          Turns: 8560, Time: 00:13:08

HP:   -1/77 (80)    AC: 14    Str: 22    XL:     10   Next: 34%
MP:   11/11         EV: 11    Int:  7    God:    the Shining One [*.....]
Gold: 1361          SH:  6    Dex: 20    Spells: 9/9 levels left

rFire   . . .      SeeInvis +   A - +3 dire flail {mace}
rCold   + + .      Faith    +   c - +0 buckler
rNeg    . . .      Spirit   .   r - +0 chain mail
rPois   .          Reflect  .   (helmet unavailable)
rElec   .          Harm     .   (no cloak)
rCorr   +          Rampage  .   x - +0 pair of gloves
Will    +....                   p - +1 pair of boots of the Exiled Continents {rCorr}
Stlth   ..........              o - amulet "Xuceciw" {Faith rC++ Stlth+}
HPRegen 0.22/turn               l - +4 ring of slaying
MPRegen 0.12/turn               t - +6 ring of dexterity

@: glowing, lightly drained
A: permanent stasis, dig shafts and tunnels, antennae 3, four strong arms
a: Dig, Shaft Self, Renounce Religion, Divine Shield


You were on level 8 of the Dungeon.
You worshipped the Shining One.
The Shining One was aware of your devotion.
You visited 2 branches of the dungeon, and saw 9 of its levels.

You collected 1361 gold pieces.


Innate Abilities, Weirdness & Mutations

You cannot be hasted, slowed, berserked, paralysed or teleported.
You can dig through walls and to a lower floor.
You have a pair of large antennae on your head. (SInv)
Your four strong arms can wield two-handed weapons with a shield.


   Skills:
 + Level 8.2 Fighting
 - Level 3.7 Axes
 + Level 6.7 Crossbows
 + Level 8.2 Armour
 + Level 5.3 Dodging
 - Level 5.3 Shields
 + Level 2.2 Invocations


You had 9 spell levels left.
You didn't know any spells.
Your spell library contained the following spells:

 Spells                   Type           Power      Damage    Failure   Level
 Apportation              Tloc           0%         N/A       98%         1
 Inner Flame              Hex/Fire       0%         N/A       100%        3
 Ozocubu's Armour         Ice            0%         N/A       100%        3
 Portal Projectile        Hex/Tloc       0%         N/A       100%        3
 Tukima's Dance           Hex            0%         N/A       100%        3
 Cause Fear               Hex            0%         N/A       100%        4
 Passage of Golubria      Tloc           0%         N/A       100%        4
 Alistair's Intoxication  Tmut/Pois      0%         N/A       100%        5
 Blade Hands              Tmut           0%         N/A       100%        5
 Excruciating Wounds      Necr           0%         N/A       100%        5
 Yara's Violent Unravell  Hex/Tmut       0%         3d3       100%        5
 Ozocubu's Refrigeration  Ice            0%         4d5       100%        7
 Discord                  Hex            0%         N/A       100%        8

Inventory:

Hand Weapons
 a - a +0 war axe {axe}
 A - a +3 dire flail (weapon) {mace}
   (You took it off a wight on level 7 of the Dungeon)
 H - a +1 dagger of electrocution {short}
   (You took it off a goblin on level 4 of the Dungeon)
 N - a +0 dagger of freezing {short}
   (You took it off an orc on level 5 of the Dungeon)
Missiles
 e - 18 javelins {throwing}
 k - 287 stones {throwing}
 z - an atropa-tipped dart (quivered) {throwing}
 U - a silver boomerang {throwing}
Armour
 c - a +0 buckler (worn)
 p - the +1 pair of boots of the Exiled Continents (worn) {rCorr}
   (You acquired it on level 1 of the Dungeon)

   rCorr:     It protects you from acid and corrosion.
 r - a +0 chain mail (worn)
   (You found it on level 4 of the Dungeon)
 s - a +0 robe
   (You found it on level 2 of the Dungeon)
 u - a +0 ring mail
   (You found it on level 2 of the Dungeon)
 x - a +0 pair of gloves (worn)
   (You found it on level 2 of the Dungeon)
 E - a +0 leather armour
   (You found it on level 3 of the Dungeon)
 F - a +0 animal skin
   (You took it off Robin on level 4 of the Dungeon)
 J - a +0 robe
   (You took it off Sigmund on level 4 of the Dungeon)
 P - a +0 leather armour of fire resistance
   (You found it on level 5 of the Dungeon)
 R - a +0 ring mail
   (You found it on level 5 of the Dungeon)
 T - a +0 leather armour
   (You took it off an orc priest on level 5 of the Dungeon)
 V - a +0 leather armour
   (You took it off an orc on level 5 of the Dungeon)
 W - a +0 ring mail
   (You took it off an orc on level 5 of the Dungeon)
 X - a +0 leather armour
   (You found it on level 6 of the Dungeon)
 Y - a +0 robe
   (You found it on level 6 of the Dungeon)
Jewellery
 l - a +4 ring of slaying (left hand)
   (You found it on level 1 of the Dungeon)
 o - the amulet "Xuceciw" (around neck) {Faith rC++ Stlth+}
   (You acquired it on level 1 of the Dungeon)

   [amulet of faith]

   It allows you to gain divine favour quickly.
   rC:        It greatly protects you from cold.
   Stlth:     It makes you more stealthy.
 t - a +6 ring of dexterity (right hand)
   (You found it on level 2 of the Dungeon)
Wands
 b - a wand of flame (34)
   (You found it on level 6 of the Dungeon)
 M - a wand of digging (6)
   (You found it on level 5 of the Dungeon)
 Q - a wand of charming (5)
   (You found it on level 5 of the Dungeon)
 S - a wand of iceblast (9)
   (You found it on level 5 of the Dungeon)
Scrolls
 d - 3 scrolls of blinking {unknown}
 f - a scroll of teleportation {unknown}
 h - 4 scrolls of identify {unknown}
 i - a scroll of amnesia {unknown}
 j - a scroll of holy word {unknown}
 m - a scroll of immolation {unknown}
 n - a scroll of enchant weapon {unknown}
 y - 2 scrolls of magic mapping {unknown}
 C - 2 scrolls of brand weapon {unknown}
 D - 2 scrolls of fog {unknown}
 G - a scroll of enchant armour {unknown}
 K - 2 scrolls of vulnerability {unknown}
 L - a scroll of torment {unknown}
Potions
 g - 3 potions of cancellation {unknown}
 q - a potion of flight {unknown}
 v - 2 potions of haste {unknown}
 w - 4 potions of heal wounds {unknown}
 B - 2 potions of degeneration {unknown}
 I - a potion of curing {unknown}
 O - 3 potions of lignification {unknown}
 Z - 2 potions of mutation {unknown}

Dungeon Overview and Level Annotations

Branches:
Dungeon (8/15)             Temple (1/1) D:7
   Lair: D:8-11

Altars:
Ashenzari
Cheibriados
Elyvilon
Hepliaklqana
Makhleb
Nemelex Xobeh
Okawaru
Qazlal
Sif Muna
Wu Jian
Xom
Zin
The Shining One

Shops:
D:5 =

Annotations:
D:4 1 runed translucent door, Crazy Yiuf
D:5 2 transporters, Cecur's ghost, novice FoFi

...#........[..#.......##
..##..........###.......#
..##..............#.....#
...[.........##.........#
..##.#####..###.#.<.....##
.###....###..##...####......
.# #.........c....#.#.......
.##.................)....#..
..#....#......cO@.....##.# .
......................#
.###......#..............
..#......##...............
....#.....................
#...##....................
##...#...............##...
##.....#..........#...
#......#


You could see a two-headed ogre and 2 centaurs.


Message History

You puncture the wight! The wight hits you but does no damage.
You puncture the wight!
You destroy the wight!
The Shining One accepts your kill.
You and your allies can now gain power from killing the unholy and evil.
You can now call upon the Shining One for a divine shield.
Your life force feels restored.
You now have 80 max hp (+1).
Things that are here:
a +0 halberd {polearm}; a +0 robe; 😎 HP[+1]
Your hp is fully restored (80).
k - 287 stones {throwing} (gained 11)
D - 2 scrolls labelled MYNAIFA PYLU (gained 1)
You sense a monster nearby.
Found a stone staircase leading down.
A two-headed ogre comes into view.
It is wielding a +0 giant spiked club and a +0 giant club.
The two-headed ogre shouts in stereo!
You hear a shout!
Throw: 4 darts (atropa) {throwing}
Press: ? - help, Q - select action, (/) - cycle Shift-Dir - straight line, f - two-headed ogre
Aim: a two-headed ogre, wielding a +0 giant spiked club and a +0 giant club (81% to hit, chance to blind on hit: 3%)
You throw an atropa-tipped dart {throwing}.
The atropa-tipped dart {throwing} hits the two-headed ogre.
The two-headed ogre appears confused.
The two-headed ogre seems less confused.
The two-headed ogre misses you.
The two-headed ogre hits you with a +0 giant club! 😕 HP[-8]
You take 8 damage, and now have 72/80 hp.
You sock the two-headed ogre!
The two-headed ogre is no longer blind.
A centaur comes into view.
You hit the two-headed ogre.
The two-headed ogre hits you with a +0 giant spiked club!!
The two-headed ogre closely misses you. 😮 HP[-20]
You take 20 damage, and now have 52/80 hp.
MASSIVE DAMAGE!! (PAUSE) 😮 HP[+1] Throw: 3 darts (atropa) {throwing}
Press: ? - help, Q - select action, (/) - cycle Shift-Dir - straight line, f/p - two-headed ogre
Aim: a two-headed ogre, wielding a +0 giant spiked club and a +0 giant club (moderately wounded, haloed, 94% to hit, chance to blind on hit: 3%)
You throw an atropa-tipped dart {throwing}.
The atropa-tipped dart {throwing} hits the two-headed ogre.
The two-headed ogre resists.
The two-headed ogre hits you with a +0 giant spiked club!
You block the two-headed ogre's attack. 😮 HP[-7]
You take 7 damage, and now have 46/80 hp.
Throw: 2 darts (atropa) {throwing}
Press: ? - help, Q - select action, (/) - cycle Shift-Dir - straight line, f/p - two-headed ogre
Aim: a two-headed ogre, wielding a +0 giant spiked club and a +0 giant club (moderately wounded, haloed, 94% to hit, chance to blind on hit: 3%)
You throw an atropa-tipped dart {throwing}.
The atropa-tipped dart {throwing} hits the two-headed ogre.
The two-headed ogre resists.
The centaur wields a +0 shortbow.
The centaur shoots an arrow.
The arrow barely misses you.
The two-headed ogre hits you with a +0 giant spiked club!!
* * * LOW HITPOINT WARNING * * *
The two-headed ogre hits you with a +0 giant club.
* * * LOW HITPOINT WARNING * * *
😱 HP[-30]
You take 30 damage, and now have 16/80 hp.
MASSIVE DAMAGE!! (PAUSE) 😱 HP[+1]
The centaur shoots an arrow.
The arrow barely misses you.
A centaur comes into view.
The centaur shouts!
The centaur shoots an arrow.
The arrow closely misses you.
The centaur wields a +0 shortbow.
The centaur shoots an arrow.
The arrow hits you but does no damage. 😱 HP[+1]
The centaur shoots an arrow.
The arrow completely misses you.
The centaur shoots an arrow.
You block the arrow.
The centaur shoots an arrow.
The arrow misses you. 😱 HP[+1]
The centaur shoots an arrow.
The arrow barely misses you. 😱 HP[+1]
You extend your mandibles.
You dig through the rock wall.
You feel drained.
You now have 77 max hp (-3).
You retract your mandibles. 😨 HP[+1]
The centaur shoots an arrow.
The arrow closely misses you.
The centaur shoots an arrow.
The arrow misses you.
The centaur shoots an arrow.
The arrow barely misses you.
The centaur shoots an arrow.
You block the arrow.
The centaur shoots an arrow.
The arrow hits you but does no damage. 😨 HP[+1]
The centaur shoots an arrow.
The arrow hits you.
* * * LOW HITPOINT WARNING * * *
😱 HP[-3]
You take 3 damage, and now have 19/77 hp.
The centaur shoots an arrow.
You block the arrow. 😨 HP[+1]
There is a stone staircase leading up here. 😨 HP[+1]
The centaur shoots an arrow.
The arrow hits you but does no damage. The two-headed ogre barely misses you.
The two-headed ogre hits you with a +0 giant club!!
You die...

Skill      XL: |  1  2  3  4  5  6  7  8  9 10 |
---------------+-------------------------------+-----
Crossbows      | 1 2 3 4 6 |  6.7
Shields        | 4 5 |  5.3
Fighting       | 4 5 6 7 8 |  8.2
Armour         | 4 5 6 7 8 |  8.2
Axes           | 3 |  3.7
Dodging        | 1 3 4 5 |  5.3
Invocations    | 2 |  2.2

Action                   |  1- 3 |  4- 6 |  7- 9 | 10-12 || total
-------------------------+-------+-------+-------+-------++-------
Melee: War axe           |    60 |    99 |   131 |    56 ||   346
       Dire flail        |       |       |       |     8 ||     8
Throw: Dart              |       |     1 |       |     3 ||     4
 Abil: Dig               |       |       |       |     1 ||     1
Evoke: Wand              |       |       |     5 |       ||     5
  Use: Scroll            |     3 |       |       |       ||     3
       Potion            |       |       |     2 |       ||     2
Armor: Scale mail        |    27 |    11 |       |       ||    38
       Chain mail        |       |    59 |    88 |    52 ||   199
Dodge: Dodged            |    24 |    38 |    71 |    74 ||   207
Block: Buckler           |    11 |    33 |    45 |    45 ||   134

Levels and vault maps discovered:
D:1:      heliophobic_arrival_henge, layout_loops_cross,
          shapermc_ecumenical_altar_pompeii, item_on_display_a
D:2:      layout_loops_corners, basic_altar, hangedman_abyss_or_decor_stabs,
          chequers_serial_rivers_micro_c, minivault_5, st_stairs_14,
          serial_park_tiny_pond, chequers_decorated_corner
D:3:      layout_basic, zin_scriptorium, amcnicky_altar_gilded
D:4:      layout_basic, uniq_crazy_yiuf_cottage, uniq_sigmund, uniq_robin
D:5:      layout_gridville, serial_shops, nicolae_shop_window_shopping,
          gammafunk_ghost_mausoleum, st_stairs_1, nrook_pool_corridor,
          dk_noncrumbling_3
D:6:      layout_layer_cave, gammafunk_temple_overflow_elements,
          evilmike_ruin_ashenzari, uniq_menkaure, uniq_grinder
D:7:      layout_rooms, nicolae_overflow_hidden_temple,
          minmay_temple_entry_slanted, st_stairs_6
D:8:      layout_cave_pools, grunt_gozag_statues, overflow_temple_1_default,
          minmay_the_grid_2x2 [minmay_the_grid_doors,
          minmay_the_grid_minigrid_medium, minmay_the_grid_outer_circle,
          minmay_the_grid_prize_inner_circle]
Temple:   dpeg_chambers_temple

Notes
Turn   | Place    | Note
-------+----------+-------------------------------------------
     0 | D:1      | mcwallace the Formicid Fighter began the quest for the Orb.
     0 | D:1      | Reached XP level 1. HP: 18/18 MP: 1/1
     0 | D:1      | magus.rc [v1.9.6]
   179 | D:1      | Reached XP level 2. HP: 24/24 MP: 2/2
   477 | D:1      | Found a faded altar of an unknown god.
   615 | D:1      | Reached XP level 3. HP: 24/29 MP: 3/3
   880 | D:1      | Identified 3 scrolls of acquirement
   880 | D:1      | Acquired the amulet "Xuceciw" {Faith rC++ Stlth+}
   888 | D:1      | Acquired the +1 pair of boots of the Exiled Continents
                  | {rCorr}
   895 | D:1      | Acquired 933 gold pieces
   991 | D:2      | Reached skill level 1 in Crossbows
   991 | D:2      | Reached skill level 4 in Shields
  1089 | D:2      | Reached XP level 4. HP: 37/37 MP: 4/4
  1089 | D:2      | You fall into a shaft and drop 2 floors!
  1133 | D:4      | Reached skill level 4 in Fighting
  1133 | D:4      | Reached skill level 4 in Armour
  1133 | D:4      | Reached XP level 5. HP: 22/42 MP: 5/5
  1138 | D:4      | Noticed Sigmund
  1281 | D:3      | Found an ornate altar of the Wu Jian Council.
  1330 | D:2      | You pick up a book of Party Tricks and begin reading...
  1330 | D:2      | You add the spells Apportation and Alistair's Intoxication
                  | to your library.
  1413 | D:2      | Found a burning altar of Makhleb.
  2218 | D:3      | Reached skill level 3 in Axes
  2218 | D:3      | Reached skill level 2 in Crossbows
  2375 | D:3      | Reached XP level 6. HP: 29/48 MP: 6/6
  2381 | D:2      | HP: 6/48 [gnoll shaman/+0 whip (10)]
  2671 | D:3      | You add the spells Ozocubu's Armour and Ozocubu's
                  | Refrigeration to your library.
  3010 | D:3      | Found a glowing silver altar of Zin.
  3160 | D:4      | Noticed Robin
  3175 | D:4      | Killed Robin
  3342 | D:4      | Killed Sigmund
  3343 | D:4      | Reached skill level 5 in Shields
  3343 | D:4      | Reached XP level 7. HP: 52/55 MP: 7/7
  3379 | D:4      | Reached skill level 3 in Crossbows
  3706 | D:4      | Found a runed translucent door.
  3707 | D:4      | Noticed Crazy Yiuf
  3870 | D:5      | Entered Level 5 of the Dungeon
  4037 | D:5      | Reached skill level 5 in Fighting
  4037 | D:5      | Reached skill level 5 in Armour
  4116 | D:5      | Reached skill level 1 in Dodging
  4116 | D:5      | Reached XP level 8. HP: 42/62 MP: 8/8
  4341 | D:5      | Found Jennareu's Jewellery Boutique.
  4610 | D:5      | Found a transporter.
  4613 | D:5      | Found a transporter.
  4614 | D:5      | Noticed Cecur's ghost (novice FoFi)
  5015 | D:6      | Reached skill level 4 in Crossbows
  5015 | D:6      | Reached skill level 2 in Dodging
  5173 | D:6      | Found a broken altar of Ashenzari.
  5182 | D:6      | Noticed Grinder
  5183 | D:6      | Noticed Menkaure
  5220 | D:6      | Killed Grinder
  5221 | D:6      | Reached skill level 6 in Fighting
  5231 | D:6      | Reached skill level 6 in Armour
  5314 | D:6      | You add the spells Tukima's Dance, Passage of Golubria and
                  | Yara's Violent Unravelling to your library.
  5348 | D:6      | HP: 13/64 [Menkaure/nerve-wracking pain (5)]
  5351 | D:6      | Killed Menkaure
  5688 | D:6      | Reached skill level 3 in Dodging
  5688 | D:6      | Reached XP level 9. HP: 48/69 MP: 9/9
  5956 | D:6      | Found a white marble altar of Elyvilon.
  5956 | D:6      | Found a snail-covered altar of Cheibriados.
  6068 | D:6      | Noticed an unseen horror
  6085 | D:6      | Killed an unseen horror
  6086 | D:6      | Reached skill level 5 in Crossbows
  6255 | D:6      | Reached skill level 7 in Fighting
  6260 | D:6      | Reached skill level 7 in Armour
  6260 | D:6      | Reached skill level 4 in Dodging
  6856 | D:7      | HP: 18/72 [shot self (13)]
  6861 | D:7      | HP: 13/72 [poisoned by a killer bee]
  6868 | D:7      | HP: 13/72 [bullfrog (1)]
  6871 | D:7      | Reached skill level 6 in Crossbows
  6873 | D:7      | Reached XP level 10. HP: 11/79 MP: 10/10
  6926 | D:7      | HP: 16/79 [steam dragon/ball of steam (8)]
  7233 | D:7      | You pick up a book of Hexes and begin reading...
  7233 | D:7      | You add the spells Inner Flame, Cause Fear and Discord to
                  | your library.
  7483 | D:7      | You pick up a book of Weapons and begin reading...
  7483 | D:7      | You add the spells Portal Projectile, Excruciating Wounds
                  | and Blade Hands to your library.
  7498 | D:7      | Found a stormy altar of Qazlal.
  7554 | D:7      | Found a staircase to the Ecumenical Temple.
  7565 | Temple   | Entered the Ecumenical Temple
  7633 | Temple   | Became a worshipper of the Shining One
  7682 | D:7      | Reached skill level 5 in Dodging
  7743 | D:7      | Reached skill level 1 in Invocations
  7981 | D:8      | Reached skill level 8 in Fighting
  7981 | D:8      | Reached skill level 8 in Armour
  8213 | D:7      | Reached skill level 2 in Invocations
  8470 | D:8      | Reached * piety under the Shining One
  8512 | D:8      | Noticed a two-headed ogre
  8522 | D:8      | HP: 16/80 [two-headed ogre/+0 giant spiked club (6)]
  8550 | D:8      | HP: 19/77 [centaur/arrow (4)]
  8560 | D:8      | Slain by a two-headed ogre

Vanquished Creatures
  An unseen horror (D:6)
  Grinder (D:6)
  Sigmund (D:4)
  4 yaks (D:6)
  A steam dragon (D:6)
  Menkaure (D:6)
  3 water moccasins
  A black bear (D:6)
  3 ice beasts
  An ogre (D:4)
  A centaur (D:7)
  2 bullfrogs (D:7)
  3 scorpions
  5 wights
  9 killer bees
  2 jellies
  A gnoll shaman (D:2)
  An orc priest (D:5)
  A hound (D:6)
  2 iguanas
  Robin (D:4)
  8 gnolls
  6 adders
  2 shadow imps
  2 white imps
  2 ufetubi
  4 worms
  A dart slug (D:3)
  7 orcs
  3 bats
  8 endoplasms
  3 giant cockroaches
  7 hobgoblins
  4 jackals (D:4)
  5 quokkas
  7 ball pythons
  3 frilled lizards
  13 goblins
  8 kobolds
  4 rats
142 creatures vanquished.

Table legend:
 A = Non-vault XP
 B = Vault XP
 C = Vault XP percentage of total XP
 D = Non-vault monster count
 E = Vault monster count
 F = Vault count percentage of total count
                 A         B        C        D         E       F
            +---------+---------+-------+---------+---------+-------
      Total |    4439 |     810 |  15.4 |     124 |      18 |  12.7
            +---------+---------+-------+---------+---------+-------
        D:1 |      34 |       0 |   0.0 |      21 |       0 |   0.0
        D:2 |     128 |       2 |   1.5 |      21 |       1 |   4.5
        D:3 |      65 |       0 |   0.0 |      12 |       0 |   0.0
        D:4 |     252 |     258 |  50.6 |      18 |      12 |  40.0
        D:5 |     516 |      13 |   2.5 |      13 |       2 |  13.3
        D:6 |    1687 |     449 |  21.0 |      14 |       2 |  12.5
        D:7 |    1624 |      88 |   5.1 |      23 |       1 |   4.2
        D:8 |     133 |       0 |   0.0 |       2 |       0 |   0.0
            +---------+---------+-------+---------+---------+-------

Illustrated notes

Table legend:
 A = Kills in this place as a percentage of kills in entire the game.
 B = Kills by you in this place as a percentage of kills by you in the entire game.
 C = Kills by friends in this place as a percentage of kills by friends in the entire game.
 D = Other kills in this place as a percentage of other kills in the entire game.
 E = Experience gained in this place as a percentage of experience gained in the entire game.
 F = Experience gained in this place divided by the number of levels of this place that you have seen.
                   A       B       C       D       E      F
               +-------+-------+-------+-------+-------+----------------------
         Total | 100.0 | 100.0 |   N/A |   N/A | 100.0 | 583.2
       Dungeon | 100.0 | 100.0 |   N/A |   N/A | 100.0 | 656.1
               +-------+-------+-------+-------+-------+----------------------

Table legend: (Time is in decaauts)
 A = Elapsed time spent in this place.
 B = Non-inter-level travel time spent in this place.
 C = Inter-level travel time spent in this place.
 D = Time resting spent in this place.
 E = Time spent auto-exploring this place.
 F = Levels seen in this place.
 G = Mean time per level.
                   A        B        C        D        E       F      G
               +--------+--------+--------+--------+--------+-----+--------+
         Total |   8696 |   8279 |    417 |   1331 |   5631 |   9 |  966.2 |
       Dungeon |   8600 |   8209 |    391 |   1331 |   5574 |   8 | 1075.0 |
        Temple |     95 |     69 |     26 |      0 |     57 |   1 |   95.0 |
               +--------+--------+--------+--------+--------+-----+--------+

Top non-repeatable levels by time:
     D:6: 2138 daAuts
     D:2: 1480 daAuts
     D:7: 1231 daAuts
     D:5: 1137 daAuts
     D:1: 951 daAuts
     D:4: 822 daAuts
     D:3: 683 daAuts
     D:8: 155 daAuts
  Temple: 95 daAuts
